 Dungeon Crawl Stone Soup version 0.24-a0-205-g1d96822 (webtiles) character file.

Game seed: 1625420167203853966

1258 epen the Insei (level 8, 0/71 HPs)
             Began as a Purple Draconian Monk on Mar 9, 2019.
             Was a Believer of Cheibriados.
             Slain by an orc warrior
             ... wielding a +4 battleaxe
              (16 damage)
             ... on level 9 of the Dungeon on Mar 28, 2019.
             The game lasted 00:10:18 (7139 turns).

epen the Insei (Purple Draconian Monk)              Turns: 7139, Time: 00:10:19

Health: 0/71       AC:  6    Str: 19    XL:     8   Next: 27%
Magic:  8/8        EV: 16    Int: 16    God:    Cheibriados [**....]
Gold:   393        SH:  0    Dex: 20    Spells: 7/7 levels left

rFire    . . .     SeeInvis .     - Unarmed
rCold    + . .     Gourm    .   (no shield)
rNeg     . . .     Faith    .   (armour unavailable)
rPois    +         Spirit   .   (helmet restricted)
rElec    .         Reflect  .   (no cloak)
rCorr    .         Harm     .   (no gloves)
MR       +....                  (no boots)
Stlth    +++.......             k - amulet of magic regeneration
HPRegen  0.21/turn              r - ring of poison resistance
MPRegen  0.36/turn              (no ring)

@: about to teleport, very slow
A: breathe power, unfitting armour, horns 1, camouflage 1, cold resistance 1,
cold-blooded, AC +6
a: Breathe Dispelling Energy, Bend Time, Renounce Religion


You were on level 9 of the Dungeon.
You worshipped Cheibriados.
Cheibriados was pleased with you.
You were not hungry.

You visited 2 branches of the dungeon, and saw 9 of its levels.

You collected 393 gold pieces.

Inventory:

Armour
 p - a +0 buckler
Jewellery
 h - an uncursed ring of ice
 k - an amulet of magic regeneration (around neck)
 r - a ring of poison resistance (left hand)
Wands
 s - a wand of flame (38)
 t - a wand of polymorph (4)
Scrolls
 b - a scroll of blinking {unknown}
 d - 3 scrolls of fear
 f - 3 scrolls of enchant armour
 i - 2 scrolls of remove curse
 l - a scroll of torment {unknown}
 n - 7 scrolls of identify
 q - a scroll of amnesia {unknown}
 u - a scroll of magic mapping {unknown}
Potions
 e - 5 potions of curing {unknown}
 g - 4 potions of flight
 j - 4 potions of brilliance
 m - 2 potions of invisibility {unknown}
 o - 2 potions of berserk rage {unknown}
Comestibles
 a - 8 rations
 v - a chunk of flesh


   Skills:
 + Level 6.3 Fighting
 + Level 5.3 Dodging
 - Level 1.7 Stealth
 * Level 7.7 Unarmed Combat


You had 7 spell levels left.
You didn't know any spells.
Your spell library was empty.

Dungeon Overview and Level Annotations

Branches:
Dungeon (7/15)             Temple (1/1) D:6

Altars:
Ashenzari
Cheibriados
Dithmenos
Elyvilon
Fedhas
Gozag
Hepliaklqana
Kikubaaqudgha
Makhleb
Nemelex Xobeh
Qazlal
Ru
Sif Muna
Trog
Uskayaw
Vehumet
Xom
Yredelemnul
Zin
The Shining One

Shops:
D:4 :   D:6 !=


Innate Abilities, Weirdness & Mutations

You can breathe bolts of dispelling energy.
Your rich purple scales are hard. (AC +6)
You cannot fit into any form of body armour.
You are cold-blooded and may be slowed by cold attacks.
You have a pair of small horns on your head.
Your skin changes colour to match your surroundings (Stealth+).
Your flesh is cold resistant. (rC+)


Message History

Unknown command.
An orc comes into view. It is wielding a +0 short sword.
The orc wizard shouts!
The orc priest shouts!
The orc shouts! x2
The orc wizard misses you.
The orc warrior hits you with a +4 battleaxe!
The orc priest invokes the aid of Beogh against you.
Beogh smites you! The orc wizard closely misses you.
Okay, then.
As you read the scroll of teleportation, it crumbles to dust.
You feel strangely unstable.
The orc warrior hits you with a +4 battleaxe.
The orc wizard closely misses you.
You hear a distant slurping noise.
The orc wizard gestures at you while chanting.
The magic dart hits you.
The orc priest mumbles some strange prayers to Beogh against you.
Beogh smites you!
* * * LOW HITPOINT WARNING * * *
The orc warrior hits you with a +4 battleaxe!
You die...

# .## ...#
##... ### ##..#
#.###...#...
###o.#........#
#.@ooo.......##
###o...........
#............
#######....##
...[# .....
....


You could see an orc warrior, an orc priest, an orc wizard and 2 orcs.

Vanquished Creatures
  Grinder (D:3)
  2 ogres
  2 centaurs
  A scorpion (D:5)
  2 hounds
  3 orc wizards
  2 orc priests
  2 jellies (D:6)
  A bullfrog skeleton (D:6)
  4 worker ants
  7 gnolls (D:6)
  4 adders
  A howler monkey skeleton (D:4)
  2 shadow imps
  3 oozes
  An adder skeleton (D:6)
  3 worms
  2 dart slugs
  9 leopard geckos
  16 orcs
  6 giant cockroaches
  12 goblins
  9 hobgoblins
  6 jackals
  5 kobolds
  5 quokkas
  4 ball pythons
  4 bats
  3 frilled lizards
  A jackal skeleton (D:5)
  A leopard gecko skeleton (D:4)
  10 rats
134 creatures vanquished.

Notes
Turn   | Place    | Note
-------+----------+-------------------------------------------
     0 | D:1      | epen the Draconian Monk began the quest for the Orb.
     0 | D:1      | Reached XP level 1. HP: 19/19 MP: 1/1
    91 | D:1      | Reached XP level 2. HP: 16/26 MP: 2/2
   634 | D:1      | Reached XP level 3. HP: 20/31 MP: 3/3
  1261 | D:2      | Gained mutation: You evolve. [potion of mutation]
  1261 | D:2      | Gained mutation: You are frail. (-10% HP) [potion of
                  | mutation]
  1261 | D:2      | Gained mutation: Your flesh is heat resistant. (rF+)
                  | [potion of mutation]
  1508 | D:2      | Reached skill level 4 in Unarmed Combat
  1531 | D:2      | Found a hazy altar of Hepliaklqana.
  1539 | D:2      | Found a sacrificial altar of Ru.
  1539 | D:2      | Found an ancient bone altar of Kikubaaqudgha.
  1539 | D:2      | Found a basalt altar of Yredelemnul.
  1540 | D:2      | Found a shimmering altar of Xom.
  1543 | D:2      | Found a deep blue altar of Sif Muna.
  1544 | D:2      | Found a white marble altar of Elyvilon.
  1606 | D:2      | Reached XP level 4. HP: 30/36 MP: 4/4
  1954 | D:2      | Lost mutation: You are frail. (-10% HP) [evolution]
  2081 | D:2      | Found a burning altar of Makhleb.
  2332 | D:3      | Found a shadowy altar of Dithmenos.
  2628 | D:3      | Noticed Grinder
  2644 | D:3      | Killed Grinder
  2644 | D:3      | Reached skill level 5 in Unarmed Combat
  2644 | D:3      | Reached XP level 5. HP: 25/47 MP: 5/5
  2644 | D:3      | Reached XP level 6. HP: 28/53 MP: 6/6
  3366 | D:3      | Gained mutation: Scrolls take you a little longer to read.
                  | [evolution]
  3366 | D:3      | Lost mutation: You evolve. [end of evolution]
  3385 | D:3      | Lost mutation: Scrolls take you a little longer to read.
                  | [potion of mutation]
  3385 | D:3      | Lost mutation: Your flesh is heat resistant. (rF+) [potion
                  | of mutation]
  3385 | D:3      | Gained mutation: Your flesh is cold resistant. (rC+)
                  | [potion of mutation]
  3385 | D:3      | Gained mutation: Your skin changes colour to match your
                  | surroundings (Stealth+). [potion of mutation]
  3385 | D:3      | Gained mutation: You have a pair of small horns on your
                  | head. [potion of mutation]
  3726 | D:4      | Reached skill level 5 in Fighting
  3738 | D:4      | Found Cuqeijag's Book Shop.
  4231 | D:4      | Reached skill level 6 in Unarmed Combat
  4244 | D:4      | Your scales start taking on a rich purple colour.
  4244 | D:4      | Reached XP level 7. HP: 20/61 MP: 7/7
  4562 | D:5      | Entered Level 5 of the Dungeon
  5437 | D:6      | Reached skill level 7 in Unarmed Combat
  5668 | D:6      | Found an opulent altar of Gozag.
  5699 | D:6      | Found a staircase to the Ecumenical Temple.
  5792 | Temple   | Entered the Ecumenical Temple
  5843 | Temple   | Became a worshipper of Cheibriados the Contemplative
  5843 | Temple   | Reached * piety under Cheibriados
  5843 | Temple   | Reached ** piety under Cheibriados
  5863 | D:6      | Reached skill level 5 in Dodging
  5863 | D:6      | Reached XP level 8. HP: 45/70 MP: 8/8
  5881 | D:6      | Found Atiur's Distillery.
  5890 | D:6      | Upgraded the game from 0.24-a0-170-gd8427f5 to
                  | 0.24-a0-205-g1d96822
  6224 | D:6      | Found Foumauhivy's Jewellery Boutique.
  7133 | D:7      | You fall through a shaft for 2 floors!
  7139 | D:9      | Slain by an orc warrior

Levels and vault maps discovered:
D:1:      eino_arrival_cavern_c, layout_loops_ring, minmay_misc_feat_rugged
D:2:      layout_loops_ring, lemuel_coloured_pillars_altar, minitemple,
          minmay_goblin_kobold_house
D:3:      mumra_celtic_spiral_tile, layout_loops_ring,
          nicolae_overflow_crystal_walls, uniq_grinder
D:4:      layout_loops_ring, serial_shops, shop
D:5:      layout_basic, first_ration
D:6:      layout_basic, grunt_gozag_statues, minmay_temple_entry_overgrown,
          serial_shops, shop, nicolae_shop_temple_entry_statues_fountains
D:7:      layout_basic, uniq_pikel
D:9:      layout_cave_pools, marbit_many_paths,
          kennysheep_orc_monster_closet_entryway, grunt_pizzeria, uniq_maurice
Temple:   eino_wide_crystal_templ

Skill      XL: |  1  2  3  4  5  6  7 |
---------------+----------------------+-----
Dodging        | 3 4 5 |  5.3
Unarmed Combat | 4 5 6 7 |  7.7
Fighting       | 4 5 6 |  6.3
Stealth        | |  1.7

Action                   |  1- 3 |  4- 6 |  7- 9 || total
-------------------------+-------+-------+-------++-------
Melee: Unarmed           |   160 |   181 |   158 ||   499
       Tailslap          |    13 |    31 |    18 ||    62
       Punch             |     2 |     2 |     4 ||     8
       Headbutt          |       |    15 |    22 ||    37
 Abil: Breathe Dispellin |       |       |     4 ||     4
  Use: Scroll            |    10 |     3 |     1 ||    14
       Potion            |     1 |     5 |       ||     6
 Stab: Sleeping          |     2 |     7 |    12 ||    21
  Eat: Chunk             |     2 |     8 |     5 ||    15
       Ration            |       |       |     1 ||     1
Armor: Skin              |    24 |    34 |    22 ||    80
Dodge: Dodged            |    99 |   101 |   108 ||   308

Table legend:
 A = Non-vault XP
 B = Vault XP
 C = Vault XP percentage of total XP
 D = Non-vault monster count
 E = Vault monster count
 F = Vault count percentage of total count
                 A         B        C        D         E       F
            +---------+---------+-------+---------+---------+-------
      Total |    1487 |     311 |  17.3 |     125 |       9 |   6.7
            +---------+---------+-------+---------+---------+-------
        D:1 |      45 |       0 |   0.0 |      21 |       0 |   0.0
        D:2 |      65 |      16 |  19.8 |      24 |       8 |  25.0
        D:3 |      39 |     295 |  88.3 |      19 |       1 |   5.0
        D:4 |     307 |       0 |   0.0 |      14 |       0 |   0.0
        D:5 |     412 |       0 |   0.0 |      18 |       0 |   0.0
        D:6 |     563 |       0 |   0.0 |      23 |       0 |   0.0
        D:7 |      56 |       0 |   0.0 |       6 |       0 |   0.0
            +---------+---------+-------+---------+---------+-------
